 Dungeon Crawl Stone Soup version 0.19.1 (webtiles) character file.

17 Rrauwl the Vexing (level 2, 21/21 HPs)
             Began as a Formicid Arcane Marksman on Nov 30, 2016.
             Got out of the dungeon alive.
             The game lasted 00:05:11 (626 turns).

Rrauwl the Vexing (Formicid Arcane Marksman)         Turns: 626, Time: 00:05:11

Health: 21/21      AC:  2    Str: 15    XL:     2   Next: 80%
Magic:  3/3        EV: 12    Int: 12    God:
Gold:   0          SH:  0    Dex: 10    Spells: 1 memorised, 2 levels left

rFire  . . .     SeeInvis +     a - +0 hand crossbow
rCold  . . .     Gourm    .     e - +0 robe
rNeg   . . .     Faith    .     (no shield)
rPois  .         Spirit   .     (helmet unavailable)
rElec  .         Reflect  .     (no cloak)
rCorr  .         Harm     .     (no gloves)
MR     .....                    (no boots)
Stlth  +.........               (no amulet)
                                (no ring)
                                (no ring)

@: no status effects
A: permanent stasis, dig shafts and tunnels, four strong arms, antennae 3
a: Dig, Shaft Self


You escaped.
You were not hungry.

You visited 1 branch of the dungeon, and saw 1 of its levels.

Inventory:

Hand Weapons
 a - a +0 hand crossbow (weapon)
 g - a +0 club
 h - a +0 club
 m - a +0 short sword
 o - a +0 dagger
 q - a +0 mace
Missiles
 d - 18 bolts (quivered)
 k - 17 arrows
 l - 17 poisoned needles
 p - 5 stones
Armour
 e - a +0 robe (worn)
 j - a +0 buckler
Scrolls
 i - a scroll of random uselessness {unknown}
 n - a scroll of immolation {unknown}
Potions
 r - 2 potions of degeneration {unknown}
Books
 c - a book of Debilitation

   Spells                             Type                      Level
   a - Corona                         Hexes                        1
   b - Slow                           Hexes                        2
   c - Gell's Gravitas                Hexes/Translocation          3
   d - Inner Flame                    Hexes/Fire                   3
   e - Cause Fear                     Hexes                        4
   f - Leda's Liquefaction            Hexes/Earth                  4
Comestibles
 b - a chunk of flesh
 f - a bread ration


   Skills:
 + Level 1.2 Fighting
 + Level 2.0 Crossbows
 + Level 2.0 Dodging
 + Level 1.1 Spellcasting
 + Level 4.3 Hexes


You had 2 spell levels left.
You knew the following spells:

 Your Spells              Type           Power        Failure   Level  Hunger
a - Corona                Hex            ##.....      6%          1    ##.....


Dungeon Overview and Level Annotations

Branches:
Dungeon (1/15)

Altars:


Innate Abilities, Weirdness & Mutations

You are under a permanent stasis effect.
You can dig through walls and to a lower floor.
Your four strong arms can wield two-handed weapons with a shield.
You have a pair of large antennae on your head. (SInv)


Message History

d - 15 bolts (gained 1)
d - 18 bolts (gained 3) Some of the chunks of flesh in your inventory have rotted away.
You enter the shallow water.
Moving in this stuff is going to be slow.
You enter the shallow water.
Moving in this stuff is going to be slow.
You enter the shallow water.
Moving in this stuff is going to be slow.
You enter the shallow water.
Moving in this stuff is going to be slow.
Really attack while wielding your +0 hand crossbow? [Y]es or [N]o only, please.
Really attack while wielding your +0 hand crossbow?
Okay, then.
Why would you want to do that?
There is an open door here.
There is a staircase leading out of the dungeon here.
Are you sure you want to leave the Dungeon?
This will make you lose the game!
You have escaped!

######### ###### #.......# #
#....# #.......# #
######....###.......# #
....................# #
######....#...####..## # #
#....#....#.#...############ ##
#####...###.###............. ..##
#.....'..@..'......####### #...#
##.#######.#######...## ##
##..##..#.............#....####.
#....#####.#####.#####.#..##..
####..####.##.#####.##..........#
#.......#..#.........###..###..##
#.......#.######.#######....##.#
#.........'...........'..##.##.##
#........#######.######.###......


There were no monsters in sight!

Vanquished Creatures
  2 dart slugs (D:1)
  2 bats (D:1)
  3 hobgoblins (D:1)
  2 jackals (D:1)
  A goblin (D:1)
  A kobold (D:1)
  2 rats (D:1)
13 creatures vanquished.

Notes
Turn   | Place    | Note
-------+----------+-------------------------------------------
     0 | D:1      | Rrauwl the Formicid Arcane Marksman began the quest for the Orb.
     0 | D:1      | Reached XP level 1. HP: 15/15 MP: 2/2
    23 | D:1      | Reached skill level 4 in Hexes
    80 | D:1      | Reached XP level 2. HP: 19/21 MP: 3/3
   626 | D:$      | Got out of the dungeon alive.

Skill      XL: |  1  2 |
---------------+-------+-----
Hexes          | 4 |  4.3
Dodging        | 2 |  2.0
Fighting       | |  1.2
Crossbows      | |  2.0
Spellcasting   | |  1.1

Action                   || total
-------------------------++-------
 Fire: Hand crossbow     ||    34
Armor: Robe              ||     2
Dodge: Dodged            ||    18
